Construct Infanterie Kompanie
Selects Mechanized Battlegroup
Construct Luftwaffe Kompanie
Flak 30 Anti-aircraft Gun Team
Selects 8 Rad Armored Car
Selects Stoßtruppen Assault Package
Selects Zeroing Artillery Barrage
Construct Panzer Kompanie
Selects UNKNOWN (2160084)
Zeroing Artillery Barrage
Zeroing Artillery Barrage